 Dungeon Crawl Stone Soup version 0.30-a0-373-gd37427bb62 (webtiles) character file.

Game seed: 7273218610708326644

2482 kiwi3s the Severer (level 9, -10/70 HPs)
             Began as a Minotaur Berserker on Nov 23, 2022.
             Was a Priest of Trog.
             Killed from afar by Maggie (14 damage)
             ... with a bolt of fire
             ... on level 7 of the Dungeon.
             The game lasted 00:06:23 (5364 turns).

kiwi3s the Severer (Minotaur Berserker)             Turns: 5364, Time: 00:06:23

Health: -10/70     AC: 12    Str: 26    XL:     9   Next: 27%
Magic:  8/8        EV:  7    Int:  4    God:    Trog [***...]
Gold:   345        SH:  0    Dex: 10    Spells: 8/8 levels left

rFire   . . .      SeeInvis .    a - +0 hand axe
rCold   . . .      Faith    .    (no shield)
rNeg    . . .      Spirit   .    q - +0 plate armour
rPois   .          Reflect  .    (helmet restricted)
rElec   .          Harm     .    (no cloak)
rCorr   .          Rampage  .    (no gloves)
Will    .....                    g - +0 pair of boots
Stlth   ..........               (no amulet)
HPRegen 0.31/turn                (no ring)
MPRegen 0.11/turn                (no ring)

@: on berserk cooldown
A: horns 2, retaliatory headbutt
a: Renounce Religion, Berserk, Trog's Hand


You were on level 7 of the Dungeon.
You worshipped Trog.
Trog was most pleased with you.
You visited 1 branch of the dungeon, and saw 7 of its levels.

You collected 367 gold pieces.
You spent 22 gold pieces at shops.

Inventory:

Hand Weapons
 a - a +0 hand axe (weapon)
Missiles
 u - a throwing net (quivered)
Armour
 b - a +0 animal skin
 g - a +0 pair of boots (worn)
 q - a +0 plate armour (worn)
Jewellery
 p - a ring of willpower
Wands
 o - a wand of charming (9)
 r - a wand of flame (44)
Scrolls
 c - 3 scrolls of vulnerability {unknown}
 f - 5 scrolls of identify
 h - a scroll of noise {unknown}
 i - a scroll of amnesia {unknown}
 j - 2 scrolls of poison {unknown}
 k - 3 scrolls of fear {unknown}
 l - a scroll of enchant weapon {unknown}
 n - 2 scrolls of summoning {unknown}
 s - 3 scrolls of teleportation {unknown}
 v - a scroll of blinking {unknown}
Potions
 d - a potion of resistance
 e - 6 potions of lignification {unknown}
 m - 2 potions of mutation {unknown}
 t - a potion of invisibility {unknown}
 w - 2 potions of attraction {unknown}
 x - a potion of flight {unknown}
 z - a potion of haste {unknown}
 A - a potion of might {unknown}
 B - a potion of curing {unknown}
 C - a potion of magic {unknown}


   Skills:
 - Level 3.6 Fighting
 + Level 15.1 Axes
 - Level 2.4 Armour
 - Level 2.1 Dodging


You had 8 spell levels left.
You didn't know any spells.
Your spell library was empty.

Dungeon Overview and Level Annotations

Branches:
Dungeon (7/15)             Temple (0/1) D:4

Altars:
Elyvilon
Gozag
Hepliaklqana
Okawaru
Ru

Shops:
D:2 ?   D:3 [

Annotations:
D:7 2 runed translucent doors, Maggie


Innate Abilities, Weirdness & Mutations

You have a pair of horns on your head.
You reflexively headbutt those who attack you in melee.


Message History

Maggie barely misses you.
You hit Maggie but do no damage.
Maggie is moderately wounded.
Maggie barely misses you.
You barely miss Maggie. Your headbutt misses Maggie.
Maggie is moderately wounded.
Maggie hits you with a +0 broad axe.
* * * LOW HITPOINT WARNING * * *
You hit Maggie.
Maggie is heavily wounded.
Maggie hits you but does no damage.
You hit Maggie.
Maggie is heavily wounded.
You feel the effects of Trog's Hand fading.
Maggie hits you with a +0 broad axe!
* * * LOW HITPOINT WARNING * * *
You closely miss Maggie. You headbutt Maggie.
Maggie is heavily wounded.
Maggie hits you with a +0 broad axe.
* * * LOW HITPOINT WARNING * * *
Maggie attacks as you move away! Maggie hits you but does no damage.
Maggie hits you with a +0 broad axe.
* * * LOW HITPOINT WARNING * * *
You barely miss Maggie. You headbutt Maggie, but do no damage.
Maggie is heavily wounded.
Unknown command.
You hit Maggie. You headbutt Maggie, but do no damage.
Maggie is severely wounded.
You feel yourself speed up.
Your skin stops crawling.
You feel less strong-willed. Maggie hits you but does no damage.
You hit Maggie.
Maggie is severely wounded.
Maggie closely misses you.
Unknown command.
You hit Maggie but do no damage. You headbutt Maggie.
Maggie is almost dead.
Maggie casts a spell at you. The bolt of fire hits you!
You die...

########## ###
#.........#####..#
#..............#.#####
#....8####8)..<.......
+@@.†')))..##.###
#....8#..#8...###
#..####++####.# ..
#Dg# #.# #..# #.# #.$#
#.# #..# #.. ....


You could see Maggie, a steam dragon and a gnoll bouda.

Vanquished Creatures
  Pikel (D:5)
  Grinder (D:5)
  Duvessa (D:5)
  An orc warrior (D:7)
  A sky beast (D:6)
  A black bear (D:5)
  2 ice beasts
  2 ogres (D:5)
  A centaur (D:5)
  2 lemures (D:5)
  A phantom (D:4)
  2 kobold brigands
  A scorpion (D:6)
  Dowan (D:5)
  2 howler monkeys (D:5)
  4 orc priests
  2 jellies (D:4)
  2 hounds
  2 iguanas (D:5)
  Jessica (D:2)
  4 orc wizards
  8 adders
  2 white imps
  3 dart slugs
  19 orcs
  6 ball pythons
  5 bats
  7 endoplasms
  5 giant cockroaches
  8 goblins
  8 hobgoblins
  3 jackals (D:1)
  7 quokkas
  3 frilled lizards
  8 kobolds
  10 rats
137 creatures vanquished.

Notes
Turn   | Place    | Note
-------+----------+-------------------------------------------
     0 | D:1      | kiwi3s the Minotaur Berserker began the quest for the Orb.
     0 | D:1      | Reached XP level 1. HP: 19/19 MP: 0/0
    66 | D:1      | Reached skill level 4 in Axes
   127 | D:1      | Reached XP level 2. HP: 18/26 MP: 1/1
   434 | D:1      | Reached skill level 5 in Axes
   700 | D:2      | Found Ilaz Huq's Magic Scroll Shoppe.
   707 | D:2      | Bought a scroll of identify for 22 gold pieces
   713 | D:2      | Reached ** piety under Trog
   714 | D:2      | Reached XP level 3. HP: 31/31 MP: 2/2
   853 | D:2      | Found a hazy altar of Hepliaklqana.
   892 | D:2      | Noticed Jessica
   896 | D:2      | Killed Jessica
  1081 | D:2      | Reached skill level 6 in Axes
  1081 | D:2      | Reached XP level 4. HP: 35/39 MP: 3/3
  1568 | D:3      | Identified the +9 whip of a Thousand Seers {spect, rF+++
                  | rC- Int-4 Dex+2}
  1610 | D:3      | Found an opulent altar of Gozag.
  1907 | D:3      | Found an iron altar of Okawaru.
  1929 | D:3      | Found Nusepluw's Armour Shop.
  2282 | D:4      | Found a staircase to the Ecumenical Temple.
  2314 | D:4      | Reached skill level 7 in Axes
  2314 | D:4      | Reached XP level 5. HP: 38/45 MP: 4/4
  2494 | D:4      | Reached skill level 8 in Axes
  2499 | D:4      | Reached XP level 6. HP: 25/51 MP: 5/5
  2756 | D:4      | Reached *** piety under Trog
  2812 | D:4      | Found a white marble altar of Elyvilon.
  2983 | D:4      | Reached skill level 9 in Axes
  3209 | D:5      | Entered Level 5 of the Dungeon
  3236 | D:5      | Noticed Pikel
  3251 | D:5      | Killed Pikel
  3252 | D:5      | Reached skill level 11 in Axes
  3252 | D:5      | Reached XP level 7. HP: 51/57 MP: 6/6
  3338 | D:5      | Noticed Dowan
  3350 | D:5      | Killed Dowan
  3351 | D:5      | Reached XP level 8. HP: 29/64 MP: 7/7
  3409 | D:5      | Noticed Duvessa
  3557 | D:5      | Reached skill level 12 in Axes
  3714 | D:5      | Noticed Grinder
  3733 | D:5      | Killed Grinder
  4038 | D:5      | Reached skill level 13 in Axes
  4293 | D:5      | Killed Duvessa
  4294 | D:5      | Reached skill level 14 in Axes
  4625 | D:6      | Reached XP level 9. HP: 54/70 MP: 8/8
  4898 | D:6      | Found a sacrificial altar of Ru.
  5301 | D:7      | Found a large runed translucent door.
  5319 | D:7      | Reached skill level 15 in Axes
  5330 | D:7      | Noticed Maggie
  5333 | D:7      | Found a large runed translucent door.
  5360 | D:7      | HP: 2/70 [Maggie/+0 broad axe (6)]
  5364 | D:7      | Killed from afar by Maggie

Illustrated notes

Levels and vault maps discovered:
D:1:      scummos_arrival_star, layout_basic
D:2:      layout_basic, basic_altar, serial_rivers,
          chequers_serial_rivers_micro_c, chequers_serial_rivers_small_b,
          chequers_serial_rivers_micro_d, chequers_serial_rivers_micro_d,
          chequers_serial_rivers_micro_a, serial_shops, shop, uniq_jessica
D:3:      layout_loops_ring, lemuel_coloured_pillars_altar,
          nicolae_overflow_crystal_walls, serial_shops, shop,
          nicolae_concentric_dashed_squares_wild
D:4:      cheibrodos_pilgrimage, layout_basic, nicolae_elyvilon_peaceful_grove,
          minmay_temple_entry_statues
D:5:      layout_gridville, gup_sewer_entry_pipe, uniq_grinder, uniq_pikel,
          uniq_duvessa
D:6:      layout_cave_pods, hangedman_ru_absence
D:7:      nicolae_whirlpool, layout_loops_ring, jmf_multi_god_temple2,
          uniq_maggie

Skill      XL: |  1  2  3  4  5  6  7  8  9 |
---------------+----------------------------+-----
Axes           | 4 5 6 7 8 11 14 15 | 15.1
Fighting       | |  3.6
Armour         | |  2.4
Dodging        | |  2.1

Action                   |  1- 3 |  4- 6 |  7- 9 || total
-------------------------+-------+-------+-------++-------
Melee: Hand axe          |    71 |   137 |   197 ||   405
       Headbutt          |     9 |    19 |    31 ||    59
       Punch             |       |     2 |     4 ||     6
Throw: Throwing net      |       |     1 |     1 ||     2
Invok: Berserk           |       |     4 |     3 ||     7
       Trog's Hand       |       |       |     1 ||     1
 Stab: Sleeping          |     1 |       |       ||     1
Armor: Animal skin       |    17 |     6 |       ||    23
       Plate armour      |       |    62 |    72 ||   134
Dodge: Dodged            |    43 |    48 |    39 ||   130

Table legend: (Time is in decaauts)
 A = Elapsed time spent in this place.
 B = Non-inter-level travel time spent in this place.
 C = Inter-level travel time spent in this place.
 D = Time resting spent in this place.
 E = Time spent auto-exploring this place.
 F = Levels seen in this place.
 G = Mean time per level.
                   A        B        C        D        E       F      G
               +--------+--------+--------+--------+--------+-----+--------+
         Total |   5354 |   5195 |    159 |    600 |   3862 |   7 |  764.9 |
       Dungeon |   5354 |   5195 |    159 |    600 |   3862 |   7 |  764.9 |
               +--------+--------+--------+--------+--------+-----+--------+

Top non-repeatable levels by time:
     D:5: 1316 daAuts
     D:4: 977 daAuts
     D:2: 832 daAuts
     D:6: 740 daAuts
     D:3: 739 daAuts
     D:1: 688 daAuts
     D:7: 59 daAuts
